AoeStats
← Lord Protektor

MegaRandom

503406358Analyzed
1v1 RM · 1mo ago on Aug 31, 2026· 52m 42s· 2 players
Game mode
Random Map
Map size
Tiny (2 player)
Population
200
Speed
Normal
Resources
Standard
Victory
Conquest
Starting age
Dark Age
Ending age
Imperial Age
RankedLock teamsTeams togetherTeam positionsShared explorationLock speedFull tech treeHidden civsTurbo modeCheats
Victory
Defeat
🇦🇷 Portuguese · Argentina
962
+16
🇵🇱 Spanish · Poland
958
-16
Lord Protektor
8:49 Loom
15:29 Feudal Age
23:52 Castle Age
27:44 Fletching
29:09 Bodkin Arrow
33:01 Pikeman
36:19 Husbandry
36:30 Bloodlines
36:51 Double-Bit Axe
44:41 Scale Mail Armor
51:32 Imperial Age
51:31 Scale Barding Armor
elrisas
7:17 Loom
10:14 Feudal Age
10:42 Town Watch
11:14 Double-Bit Axe
15:49 Horse Collar
18:17 Scale Barding Armor
22:12 Castle Age
21:25 Forging
21:51 Gold Mining
23:31 Wheelbarrow
23:07 Bow Saw
24:32 Bloodlines
25:02 Iron Casting
25:09 Husbandry
25:40 Hand Cart
36:34 Imperial Age
35:17 Fletching
35:27 Padded Archer Armor
35:47 Chain Barding Armor
36:03 Elite Skirmisher
36:42 Bodkin Arrow
37:02 Leather Archer Armor
37:31 Thumb Ring
38:24 Bracer
38:57 Conscription
41:09 Chemistry
41:59 Ring Archer Armor
43:18 Ballistics
43:50 Arquebus
45:00 Blast Furnace
44:35 Plate Barding Armor
44:45 Treadmill Crane
45:16 Masonry
47:40 Stone Mining
50:14 Siege Engineers
Connection lost

Rejoining the realm…

Still unreachable

The connection could not be restored.

Session expired

The server has moved on; the page needs a fresh start.